 Dungeon Crawl Stone Soup version 0.29-a0-371-g91724d5b39 (webtiles) character file.

Game seed: 16185258532743431469

60 happo123 the Ducker (level 3, -1/36 HPs)
             Began as a Troll Fighter on May 2, 2022.
             Slain by a kobold
             ... wielding the +7 mace of Tartarus {spect, rF+ rC+}
              (8 damage)
             ... on level 3 of the Dungeon.
             The game lasted 00:10:24 (1432 turns).

happo123 the Ducker (Troll Fighter)                 Turns: 1432, Time: 00:10:24

Health: -1/36      AC:  4    Str: 26    XL:     3   Next: 80%
Magic:  2/2        EV:  8    Int:  4    God:
Gold:   65         SH:  7    Dex:  9    Spells: 2/2 levels left

rFire   . . .      SeeInvis .     - Unarmed
rCold   . . .      Faith    .   b - +0 kite shield
rNeg    . . .      Spirit   .   a - +0 robe
rPois   .          Reflect  .   (helmet restricted)
rElec   .          Harm     .   (no cloak)
rCorr   .          Rampage  .   (gloves unavailable)
Will    .....                   (boots unavailable)
Stlth   +.........              (no amulet)
HPRegen 0.92/turn               (no ring)
MPRegen 0.08/turn               (no ring)

@: no status effects
A: large, unfitting armour, claws 3, regeneration 1, shaggy fur 1, tough skin 1
a: no special abilities


You were on level 3 of the Dungeon.
You visited 1 branch of the dungeon, and saw 3 of its levels.

You collected 65 gold pieces.

Inventory:

Missiles
 i - 4 poisoned darts (quivered)
Armour
 a - a +0 robe (worn)
 b - a +0 kite shield (worn)
Scrolls
 d - 4 scrolls of identify {unknown}
 f - a scroll of teleportation {unknown}
 j - a scroll of immolation {unknown}
 m - a scroll of vulnerability {unknown}
Potions
 c - a potion of might
 e - a potion of invisibility {unknown}
 g - 2 potions of flight {unknown}
 h - a potion of mutation {unknown}
 k - a potion of heal wounds {unknown}
 l - a potion of attraction {unknown}
 n - 2 potions of curing {unknown}


   Skills:
 + Level 2.8 Fighting
 + Level 2.9 Dodging
 + Level 2.9 Shields
 + Level 2.6 Unarmed Combat


You had 2 spell levels left.
You didn't know any spells.
Your spell library was empty.

Dungeon Overview and Level Annotations

Branches:
Dungeon (3/15)

Altars:

Shops:
D:1 =


Innate Abilities, Weirdness & Mutations

You are too large for most types of armour.
You have claws for hands.
Your natural rate of healing is unusually fast.
You are covered in fur. (AC +1)
You have tough skin. (AC +1)


Message History

You kill the kobold!
You feel sick.
A ball python comes into view.
The ball python moves out of view.
You feel sick.
You see here a +0 short sword.
You feel sick.
You feel sick.
You feel sick.
The kobold throws a poisoned dart.
The poisoned dart barely misses you.
You feel sick.
You feel sick. You block the ball python's attack.
You claw the ball python!
You kill the ball python!
You feel sick.
You are no longer poisoned.
You closely miss the kobold. You block the kobold's attack.
You barely miss the kobold. The kobold barely misses you.
You miss the kobold. You block the kobold's attack.
The kobold hits you with a +0 club.
You completely miss the kobold. The kobold barely misses you.
The kobold hits you with the +7 mace of Tartarus {spect, rF+ rC+}! x2
* * * LOW HITPOINT WARNING * * *
The rat closely misses you. The kobold barely misses you.
The rat attacks as you move away! The rat bites you.
* * * LOW HITPOINT WARNING * * *
The kobold attacks as you move away! The kobold hits you with a +0 club.
* * * LOW HITPOINT WARNING * * *
The kobold throws a stone.
The stone hits you but does no damage.
The kobold throws a poisoned dart.
You block the poisoned dart. The rat attacks as you move away!
The rat bites you.
* * * LOW HITPOINT WARNING * * *
You claw the rat!
You kill the rat!
The kobold hits you with the +7 mace of Tartarus {spect, rF+ rC+}.
* * * LOW HITPOINT WARNING * * *
You closely miss the kobold. The kobold barely misses you.
You scratch the kobold but do no damage.
The kobold hits you with the +7 mace of Tartarus {spect, rF+ rC+}!
You die...

#.
#....).#######
#
#..###........
...#####..#
#########
..........#
.>#####...#
#...#########
#SK.So.......
#..##K######
########..##@#
.........).#.#
.......$...#.#
.#####.......#
#...........#
..##.##..##.#
.. #. #..# ...
. .. #..# ###.
..# #..#


You could see an orc, a ball python and a kobold.

Vanquished Creatures
  2 adders (D:2)
  2 dart slugs
  7 ball pythons
  2 endoplasms
  2 giant cockroaches (D:1)
  3 goblins
  2 hobgoblins
  A quokka (D:1)
  7 bats
  2 frilled lizards
  3 kobolds
  4 rats
37 creatures vanquished.

Notes
Turn   | Place    | Note
-------+----------+-------------------------------------------
     0 | D:1      | happo123 the Troll Fighter began the quest for the Orb.
     0 | D:1      | Reached XP level 1. HP: 22/22 MP: 0/0
    91 | D:1      | Found a faded altar of an unknown god.
    92 | D:1      | Noticed a great orb of eyes
    94 | D:1      | Noticed a golden eye
    94 | D:1      | Noticed a shining eye
    94 | D:1      | Noticed a great orb of eyes
   219 | D:1      | Reached XP level 2. HP: 29/29 MP: 1/1
   542 | D:1      | Found Duitwupej's Jewellery Emporium.
   835 | D:2      | Reached XP level 3. HP: 20/36 MP: 2/2
  1409 | D:3      | Identified the +7 mace of Tartarus {spect, rF+ rC+}
  1432 | D:3      | Slain by a kobold

Illustrated notes

Levels and vault maps discovered:
D:1:      saegor_arrival_simple_a, layout_basic,
          hellmonk_ecumenical_altar_watching_god, serial_shops,
          nicolae_square_shop
D:2:      layout_rooms
D:3:      layout_loops_ring

Action                   || total
-------------------------++-------
Melee: Unarmed           ||   128
 Stab: Sleeping          ||     1
Armor: Robe              ||    47
Dodge: Dodged            ||    67
Block: Kite shield       ||    51

Table legend: (Time is in decaauts)
 A = Elapsed time spent in this place.
 B = Non-inter-level travel time spent in this place.
 C = Inter-level travel time spent in this place.
 D = Time resting spent in this place.
 E = Time spent auto-exploring this place.
 F = Levels seen in this place.
 G = Mean time per level.
                   A        B        C        D        E       F      G
               +--------+--------+--------+--------+--------+-----+--------+
         Total |   1443 |   1250 |    193 |      0 |    930 |   3 |  481.0 |
       Dungeon |   1443 |   1250 |    193 |      0 |    930 |   3 |  481.0 |
               +--------+--------+--------+--------+--------+-----+--------+

Top non-repeatable levels by time:
     D:1: 799 daAuts
     D:2: 510 daAuts
     D:3: 132 daAuts
